 Dungeon Crawl Stone Soup version 5.6-49-g8abd877 (webtiles) character file.

1131 soadsod the Skirmisher (level 9, -2/74 HPs)
             Began as a Demonspawn Gladiator on Nov 10, 2018.
             Was a Follower of Jiyva.
             Killed from afar by Dowan (14 damage)
             ... with a shard of ice
             ... on level 7 of the Dungeon.
             The game lasted 00:21:06 (5915 turns).

soadsod the Skirmisher (Demonspawn Gladiator)       Turns: 5915, Time: 00:21:06

Health: -2/74      AC:  6 (24%)Str: 17  XL:     9   Next: 61%
Magic:  10/10      EV: 11    Int:  6    God:    Jiyva [1*[39]]
Gold:   448        SH: 12    Dex: 14    Spells: 13/13 levels left

rFire    . . .     SeeInvis .   a - +0 flail
rCold    + . .     Faith    .   C - +0 shield
rNeg     . . .     Spirit   .   h - +0 ring mail
rPois    +         Reflect  .   c - +0 helmet
rElec    .                      b - +0 cloak
rCorr    +                      u - +0 pair of gloves
MR       .....                  (no boots)
Stlth    +.........             (no amulet)
Regen    0.3/turn               i - ring of ice
MPRegen  0.2/turn               n - ring of poison resistance

@: very slightly contaminated, invisible
A: claws 1, large bone plates 1, deformed body, demonic guardian 2, dopey, low
mp 1, augmentation 1, MP-powered wands
a: Renounce Religion


You were on level 7 of the Dungeon.
You worshipped Jiyva.
Jiyva was aware of your devotion.
You were not hungry.

You visited 1 branch of the dungeon, and saw 7 of its levels.

You collected 448 gold pieces.

Inventory:

Hand Weapons
 a - a +0 flail (weapon)
Missiles
 d - 43 poisoned darts (quivered)
 e - 3 curare darts
 w - 158 tomahawks
 D - 62 javelins
Armour
 b - a +0 cloak (worn)
   (You found it on level 1 of the Dungeon)
 c - a +0 helmet (worn)
 h - a +0 ring mail (worn)
   (You found it on level 1 of the Dungeon)
 u - a +0 pair of gloves (worn)
   (You found it on level 4 of the Dungeon)
 C - a +0 shield (worn)
   (You found it on level 6 of the Dungeon)
Jewellery
 i - a ring of ice (left hand)
   (You found it on level 1 of the Dungeon)
 j - a +3 ring of evasion
   (You found it on level 6 of the Dungeon)
 n - a ring of poison resistance (right hand)
   (You found it on level 2 of the Dungeon)
 s - a +5 ring of strength
   (You found it on level 3 of the Dungeon)
 A - a +5 ring of strength
   (You found it on level 5 of the Dungeon)
Wands
 m - a wand of flame (14)
 p - a wand of lightning (2)
 y - a wand of enslavement (1)
Scrolls
 f - 2 scrolls of fear
 q - 3 scrolls of teleportation
 r - a scroll of enchant armour
 t - 2 scrolls of fog
 B - a scroll of amnesia
Potions
 g - 4 potions of flight
 k - a potion of berserk rage
 o - 2 potions of cancellation
 v - 2 potions of ambrosia
 x - a potion of augmentation
 z - a potion of heal wounds


   Skills:
 + Level 7.8 Fighting
 + Level 7.5 Maces & Staves
 - Level 4.2 Throwing
 - Level 3.1 Armour
 - Level 5.0 Dodging
 + Level 2.5 Shields
 - Level 2.0 Evocations


You had 13 spell levels left.
You didn't know any spells.
Your spell library was empty.

Dungeon Overview and Level Annotations

Branches:
Dungeon (7/15)

Altars:
Cheibriados
Dithmenos
Elyvilon
Gozag
Jiyva
Kikubaaqudgha
Lugonu
Makhleb
Nemelex Xobeh
Sif Muna
Trog
Uskayaw
Vehumet
Wu Jian
Xom
Yredelemnul
Zin
The Shining One

Annotations:
D:7 Dowan


Innate Abilities, Weirdness & Mutations

You have sharp fingernails.
You are partially covered in large bone plates. (SH +4)
A demonic guardian rushes to your aid.
Your magical and physical power is slightly enhanced at high health.
Armour fits poorly on your strangely shaped body.
You are dopey. (Int -5)
Your magical capacity is low. (-10% MP)
You expend magic power (3 MP) to strengthen your wands.


Message History

Your orange demon stings the wyvern (3).
Your orange demon hits the wyvern but does no damage.
The wyvern barely misses your orange demon.
The wyvern bites your orange demon (10)!
Your orange demon closely misses the wyvern.
Your orange demon hits the wyvern (2).
The wyvern bites your orange demon (4).
Your orange demon completely misses the wyvern.
Your orange demon barely misses the wyvern.
The wyvern dies!
Your Fighting skill increases to level 6!
Your Maces & Staves skill increases to level 6!
You start resting.
Your orange demon disappears in a puff of smoke!
HP restored.
You now have 332 gold pieces (gained 8).
Found a +0 trident.
Found a stone staircase leading down.
You now have 338 gold pieces (gained 6).
Found a stone staircase leading down.
Unknown command.
Unknown command.
You now have 345 gold pieces (gained 7).
Found a +0 whip.
j - a +3 ring of evasion A crimson imp comes into view.
The crimson imp shouts!
A crimson imp is nearby!
The crimson imp hits you but does no damage.
You hit the crimson imp (5).
The crimson imp is moderately wounded.
You block the crimson imp's attack.
The crimson imp hits you but does no damage.
You closely miss the crimson imp.
The crimson imp is lightly wounded.
The crimson imp hits you but does no damage.
You barely miss the crimson imp.
The crimson imp is lightly wounded.
The crimson imp hits you but does no damage.
You sock the crimson imp (8)!
The crimson imp is heavily wounded.
The crimson imp closely misses you. The crimson imp barely misses you.
You thump the crimson imp (9)!
You kill the crimson imp!
No target in view!
No target in view!
A hound comes into view.
The hound barks!
You closely miss the hound. The hound bites you (3).
You block the hound's attack.
You sock the hound (15)!
The hound is almost dead.
The hound bites you but does no damage.
You sock the hound (14)!
You kill the hound!
No target in view!
No target in view!
Found a -2 hand axe.
You see here a -2 hand axe.
You now have 350 gold pieces (gained 5).
You now have 366 gold pieces (gained 16).
You open the door.
There is an open door here.
You open the door.
There is an open door here.
Found a viscous altar of Jiyva.
No target in view!
No target in view!
No target in view!
There is a viscous altar of Jiyva here.
You can't go down here!
Put on which piece of jewellery? (? for menu, Esc to quit)
Okay, then.
Unknown command.
You kneel at the altar of Jiyva.
Jiyva welcomes you!
Unknown command.
There is an open door here.
You open the door.
There is an open door here.
Found a shadowy altar of Dithmenos.
There is a fountain of clear blue water here.
There is an open door here.
There is an open door here.
A howler monkey zombie comes into view.
A howler monkey zombie is nearby!
A howler monkey zombie is nearby!
A howler monkey zombie is nearby!
You hit the howler monkey zombie (4).
The howler monkey zombie is lightly damaged.
The howler monkey zombie hits you (1).
You hit the howler monkey zombie (5).
The howler monkey zombie is moderately damaged.
The howler monkey zombie hits you (1).
You thump the howler monkey zombie (7)!
The howler monkey zombie is heavily damaged.
The howler monkey zombie hits you (2).
You sock the howler monkey zombie (11)!
The howler monkey zombie is almost destroyed.
The howler monkey zombie hits you but does no damage.
You hit the howler monkey zombie (5).
You destroy the howler monkey zombie!
No target in view!
No target in view!
No target in view!
No target in view!
You now have 374 gold pieces (gained 8).
An ogre comes into view. It is wielding a -3 giant club.
The ogre shouts!
An ogre is nearby!
Throwing (i - inventory. (,) - cycle):
d - 47 poisoned darts (quivered)
Press: ? - help, Shift-Dir - straight line, f - ogre
Aim: an ogre, wielding a -3 giant club You throw a poisoned dart.
The poisoned dart completely misses the ogre (0).
Throwing (i - inventory. (,) - cycle):
d - 46 poisoned darts (quivered)
Press: ? - help, Shift-Dir - straight line, f/p - ogre
Aim: an ogre, wielding a -3 giant club You throw a poisoned dart.
The poisoned dart hits the ogre (0).
The ogre is poisoned.
Throwing (i - inventory. (,) - cycle):
d - 45 poisoned darts (quivered)
Press: ? - help, Shift-Dir - straight line, f/p - ogre
Aim: an ogre, wielding a -3 giant club (poisoned)
You throw a poisoned dart. The poisoned dart hits the ogre (0).
The ogre barely misses you.
You hit the ogre (6).
The ogre is moderately wounded.
You block the ogre's attack.
You thump the ogre (12)!
The ogre is severely wounded.
The ogre barely misses you.
You sock the ogre (7)!
You kill the ogre!
A centaur comes into view.
The centaur wields a +0 shortbow.
The centaur shoots an arrow.
The arrow hits you (3).
You see here a -3 giant club.
The centaur shoots an arrow.
The arrow barely misses you (0).
Throwing (i - inventory. (,) - cycle):
d - 44 poisoned darts (quivered)
Press: ? - help, Shift-Dir - straight line, f - centaur
Aim: a centaur, wielding a +0 shortbow You throw a poisoned dart.
The poisoned dart hits the centaur (0).
The centaur is poisoned.
The centaur shoots an arrow.
The arrow hits you (8)!
The centaur unwields a +0 shortbow.
You block the centaur's attack.
You sock the centaur (11)!
The centaur is severely wounded.
The centaur closely misses you. The centaur barely misses you.
You sock the centaur (9)!
You kill the centaur!
You now have 383 gold pieces (gained 9).
You see here a +0 shortbow.
An ice beast comes into view.
An ice beast is nearby!
The ice beast closely misses you.
Found 9 gold pieces.
You barely miss the ice beast. The ice beast barely misses you.
You thump the ice beast (9)!
The ice beast is moderately wounded.
You block the ice beast's attack.
You hit the ice beast (5).
The ice beast is heavily wounded.
The ice beast hits you but does no damage.
You hit the ice beast but do no damage.
The ice beast is heavily wounded.
The ice beast hits you but does no damage.
You barely miss the ice beast.
The ice beast is heavily wounded.
The ice beast closely misses you.
You barely miss the ice beast.
The ice beast is heavily wounded.
The ice beast hits you but does no damage.
You closely miss the ice beast.
The ice beast is heavily wounded.
The ice beast barely misses you.
You barely miss the ice beast.
The ice beast is heavily wounded.
The ice beast hits you but does no damage.
The ice beast completely misses you.
You hit the ice beast but do no damage.
The ice beast is heavily wounded.
You block the ice beast's attack.
You sock the ice beast (7)!
The ice beast is severely wounded.
The ice beast hits you but does no damage.
You hit the ice beast but do no damage.
The ice beast is severely wounded.
The ice beast hits you (2). The ice beast freezes you (6). You resist.
You hit the ice beast (4).
The ice beast is almost dead.
The ice beast hits you (1). The ice beast freezes you (5). You resist.
You hit the ice beast (6).
You kill the ice beast!
No target in view!
No target in view!
Found a +0 trident.
You now have 392 gold pieces (gained 9).
Found a radiant altar of Vehumet.
A hobgoblin comes into view.
The hobgoblin shouts!
Found 5 gold pieces.
You see here 5 gold pieces.
A hobgoblin is nearby!
A hobgoblin is nearby!
The hobgoblin closely misses you.
Found a scroll of amnesia and a potion of flight.
You barely miss the hobgoblin. The hobgoblin barely misses you.
You barely miss the hobgoblin.
The hobgoblin hits you but does no damage.
You barely miss the hobgoblin. The hobgoblin barely misses you.
You sock the hobgoblin (10)!
You kill the hobgoblin!
No target in view!
No target in view!
m - a wand of flame (14) (gained 11 charges)
You now have 397 gold pieces (gained 5).
You now have 402 gold pieces (gained 5).
You see here a +0 scale mail.
g - 4 potions of flight (gained 1)
B - a scroll of amnesia
Found a +0 trident.
Found a bloodstained altar of Trog.
A quasit comes into view.
The quasit gives a chilling moan.
A quasit is nearby!
You hit the quasit (1).
The quasit is lightly wounded.
A crimson imp comes into view.
The quasit bites you but does no damage.
The quasit closely misses you.
The quasit claws you but does no damage.
You bludgeon the quasit (20)!!
You kill the quasit!
You barely miss the crimson imp. The crimson imp closely misses you.
You miss the crimson imp. You block the crimson imp's attack.
The crimson imp hits you but does no damage.
You sock the crimson imp (10)!
The crimson imp is severely wounded.
The crimson imp hits you but does no damage.
You closely miss the crimson imp.
The crimson imp is heavily wounded.
The crimson imp hits you but does no damage.
You bludgeon the crimson imp (20)!!
You kill the crimson imp!
No target in view!
No target in view!
No target in view!
You see here a +0 trident.
You open the gate.
There is an open gate here.
A crimson imp comes into view.
The crimson imp shouts!
A crimson imp is nearby!
A crimson imp is nearby!
A crimson imp is nearby!
A crimson imp is nearby!
A crimson imp is nearby!
You hit the crimson imp (3).
The crimson imp is lightly wounded.
The crimson imp hits you (2).
You closely miss the crimson imp.
The crimson imp is lightly wounded.
The crimson imp lashes its tail.
The crimson imp barely misses you.
You barely miss the crimson imp.
The crimson imp is lightly wounded.
The crimson imp misses you.
You hit the crimson imp (3).
The crimson imp is lightly wounded.
The crimson imp hits you but does no damage.
The crimson imp hits you (2).
You closely miss the crimson imp.
The crimson imp is lightly wounded.
The crimson imp closely misses you.
You hit the crimson imp (2).
The crimson imp is lightly wounded.
The crimson imp hits you but does no damage.
A crimson imp is nearby!
A crimson imp is nearby!
You barely miss the crimson imp.
The crimson imp is lightly wounded.
The crimson imp barely misses you. You block the crimson imp's attack.
A crimson imp is nearby!
You hit the crimson imp (5).
The crimson imp is moderately wounded.
The crimson imp hits you but does no damage.
A crimson imp is nearby!
You hit the crimson imp (5).
The crimson imp is heavily wounded.
The crimson imp hits you but does no damage.
A crimson imp is nearby!
You hit the crimson imp (6).
The crimson imp is almost dead.
The crimson imp closely misses you.
You barely miss the crimson imp.
The crimson imp is almost dead.
The crimson imp barely misses you.
The crimson imp hits you but does no damage.
A crimson imp is nearby!
You thump the crimson imp (9)!
You kill the crimson imp!
You now have 408 gold pieces (gained 6).
A killer bee zombie comes into view.
You should not fight recklessly!
A killer bee zombie is nearby!
A killer bee zombie is nearby!
The killer bee zombie misses you.
A killer bee zombie is nearby!
You barely miss the killer bee zombie. The killer bee zombie misses you.
The killer bee zombie completely misses you.
You should not fight recklessly!
You barely miss the killer bee zombie.
You block the killer bee zombie's attack. x2
You sock the killer bee zombie (7)!
The killer bee zombie is moderately damaged.
The killer bee zombie hits you (2).
The killer bee zombie closely misses you.
You barely miss the killer bee zombie.
The killer bee zombie is moderately damaged.
The killer bee zombie barely misses you.
The killer bee zombie misses you.
You closely miss the killer bee zombie.
The killer bee zombie is moderately damaged.
The killer bee zombie barely misses you.
The killer bee zombie hits you but does no damage.
You barely miss the killer bee zombie.
The killer bee zombie is moderately damaged.
The killer bee zombie completely misses you.
The killer bee zombie misses you.
You hit the killer bee zombie (3).
The killer bee zombie is moderately damaged.
The killer bee zombie misses you.
You block the killer bee zombie's attack.
You thump the killer bee zombie (15)!
The killer bee zombie is almost destroyed.
The killer bee zombie hits you but does no damage.
The killer bee zombie closely misses you.
Warning: Bad auto_butcher value: very full (should be true or false) (~/.crawlrc:93) Welcome back, soadsod the Demonspawn Gladiator.
You are playing on Normal difficulty.
Slime for the Slime God!
Press ? for a list of commands and other information.
You sock the killer bee zombie (16)!
You destroy the killer bee zombie!
Your Fighting skill increases to level 7!
You have reached level 9!
Your experience leads to an increase in your attributes!
Your base attributes are Str 16, Int 11, Dex 14.
Increase (S)trength, (I)ntelligence, or (D)exterity?
You feel stronger.
Your demonic ancestry asserts itself...
Your fingernails lengthen.
HP restored.
There is an open gate here.
An orc comes into view.
The orc shouts!
An orc is nearby!
You should not fight recklessly!
An orc and an orc wizard come into view.
The orc shouts!
An orc comes into view.
The orc shouts!
The orc closely misses you.
You hit the orc (5).
The orc is severely wounded.
The orc closely misses you.
You sock the orc (10)!
You kill the orc!
The orc hits you but does no damage.
The orc wizard looks encouraged for a moment.
You thump the orc (7)!
The orc is almost dead.
The orc hits you (4).
You hit the orc (6).
You kill the orc!
The orc wizard casts a spell at you. The magic dart hits you!
That hurt (3)!
You closely miss the orc wizard. The orc barely misses you.
The orc wizard hits you but does no damage.
You sock the orc wizard (13)!
The orc wizard is almost dead.
The orc misses you.
The orc wizard begins to cast a cantrip, but forgets the words!
You sock the orc wizard (7)!
You kill the orc wizard!
The orc closely misses you.
You sock the orc (15)!
You kill the orc!
No target in view!
No target in view!
No target in view!
A jackal comes into view.
The jackal barks!
You hear a shout!
A centaur comes into view.
There are monsters nearby!
You completely miss the jackal.
The jackal bites you but does no damage. x2
A jelly comes into view.
The centaur hits you (7)!
You sock the centaur (16)!
The centaur is severely wounded.
The centaur barely misses you.
The jackal bites you but does no damage.
You hit the centaur (4).
The centaur is almost dead.
The centaur hits you (6). You block the jackal's attack.
The centaur hits you but does no damage.
The jackal bites you but does no damage.
You hit the centaur (6).
You kill the centaur!
Your Dodging skill increases to level 4!
The jackal misses you.
You barely miss the jelly.
The jackal bites you but does no damage.
You block the jelly's attack. The jackal closely misses you.
You sock the jelly (7)! The acid corrodes you!
Your hands burn!
The jelly is heavily wounded.
The jackal closely misses you. The jelly hits you but does no damage.
You sock the jelly (10)!
You kill the jelly!
The jackal barely misses you. The jackal bites you (1).
You hit the jackal (6).
You kill the jackal!
No target in view!
No target in view!
No target in view!
No target in view!
A quokka comes into view.
You completely miss the quokka.
You are no longer corroded.
The quokka bites you but does no damage.
You bludgeon the quokka (19)!!
You kill the quokka!
An adder comes into view.
You hit the adder (6).
The adder is heavily wounded.
The adder completely misses you. The adder closely misses you.
You closely miss the adder.
The adder is heavily wounded.
The adder bites you (4).
You should not fight recklessly!
An adder is nearby!
You sock the adder (7)!
You kill the adder!
No target in view!
No target in view!
No target in view!
No target in view!
A wight and 2 skeletons come into view.
Found 11 gold pieces.
There are monsters nearby!
Found a +0 shield.
The howler monkey skeleton hits you but does no damage.
You thump the howler monkey skeleton (12)!
The howler monkey skeleton is heavily damaged.
You closely miss the wight.
The water moccasin skeleton bites you (4).
The water moccasin skeleton closely misses you.
You sock the howler monkey skeleton (8)!
The howler monkey skeleton is almost destroyed.
The howler monkey skeleton barely misses you.
The wight barely misses you.
The water moccasin skeleton barely misses you.
You hit the howler monkey skeleton (1).
You destroy the howler monkey skeleton!
The wight closely misses you.
The water moccasin skeleton barely misses you.
You completely miss the wight.
You block the water moccasin skeleton's attack.
The wight hits you but does no damage.
You sock the wight (14)!
You destroy the wight!
You barely miss the water moccasin skeleton.
The water moccasin skeleton barely misses you.
You sock the water moccasin skeleton (7)!
The water moccasin skeleton is moderately damaged.
You block the water moccasin skeleton's attack.
You hit the water moccasin skeleton (3).
The water moccasin skeleton is moderately damaged.
The water moccasin skeleton closely misses you.
The water moccasin skeleton barely misses you.
You hit the water moccasin skeleton (2).
The water moccasin skeleton is moderately damaged.
The water moccasin skeleton bites you (3).
You hit the water moccasin skeleton (3).
The water moccasin skeleton is heavily damaged.
The water moccasin skeleton closely misses you.
You sock the water moccasin skeleton (7)!
The water moccasin skeleton is severely damaged.
The water moccasin skeleton bites you but does no damage.
You hit the water moccasin skeleton (6).
The water moccasin skeleton is almost destroyed.
The water moccasin skeleton barely misses you.
The water moccasin skeleton bites you (7)!
You sock the water moccasin skeleton (7)!
You destroy the water moccasin skeleton!
You are too injured to fight recklessly!
You see here a +3 long sword.
You see here a +0 shield.
C - a +0 shield Wear which item (? for menu, Esc to quit)
You're already wearing that object!
There's nothing to close nearby.
Wear which item (? for menu, Esc to quit)
You start putting on your armour.
You continue putting on your +0 shield. x4
You finish putting on your +0 shield.
Unknown command.
You now have 419 gold pieces (gained 11).
You see here a +3 long sword.
w - 101 tomahawks (gained 97)
An orc comes into view. It is wielding a +0 mace.
The orc shouts!
An orc is nearby!
You block the orc's attack.
You closely miss the orc. The orc hits you but does no damage.
You thump the orc (10)!
You kill the orc!
No target in view!
No target in view!
No target in view!
You see here a +0 mace.
You see here a +0 scale mail.
A worker ant comes into view.
A worker ant is nearby!
The worker ant misses you.
You hit the worker ant (5).
The worker ant is moderately wounded.
You block the worker ant's attack. x2
You closely miss the worker ant.
The worker ant is moderately wounded.
You block the worker ant's attack.
You hit the worker ant (1).
The worker ant is moderately wounded.
You block the worker ant's attack. The worker ant misses you.
You sock the worker ant (11)!
You kill the worker ant!
No target in view!
Done exploring.
No target in view!
No target in view!
No target in view!
Search for what [? for help]? .
Search for what [Enter for "."]? .
There is a stone staircase leading down here.
Unknown command.
You climb downwards.
You hear the roar of battle.
There is an entrance to a bailey on this level.
Hurry and find it before the portal closes forever!
An ogre comes into view. It is wielding a +0 giant club.
The ogre shouts!
Found 17 gold pieces.
Okay, then.
You sock the ogre (14)!
The ogre is heavily wounded.
You block the ogre's attack.
You sock the ogre (8)!
The ogre is almost dead.
You hit the ogre (2).
The ogre is almost dead.
You block the ogre's attack.
You thump the ogre (16)!
You kill the ogre!
Your Maces & Staves skill increases to level 7!
You see here a +0 giant club.
You now have 426 gold pieces (gained 7).
A hound comes into view.
The hound barks!
Found 7 gold pieces.
Found 6 gold pieces.
The hound bites you (3).
You see here 10 gold pieces.
An ogre comes into view. It is wielding a -1 giant club.
The ogre shouts!
You block the hound's attack.
You miss the hound. You block the hound's attack. x2
You hit the hound (6).
The hound is heavily wounded.
The hound bites you (4). You block the hound's attack.
You hit the hound (6).
The hound is almost dead.
The hound bites you (1). x2
You barely miss the hound.
The hound is almost dead.
You block the hound's attack.
You closely miss the hound.
The hound is almost dead.
The hound bites you but does no damage. The hound closely misses you.
The ogre misses you.
You hit the ogre (2).
The ogre is lightly wounded.
You block the hound's attack. The hound bites you but does no damage.
You hit the ogre (1).
The ogre is lightly wounded.
The ogre hits you with a -1 giant club (7)!
You block the hound's attack. The hound bites you (1).
You sock the ogre (9)!
The ogre is heavily wounded.
The ogre hits you with a -1 giant club (23)!!
* * * LOW HITPOINT WARNING * * *
The hound bites you but does no damage.
You barely miss the ogre.
The ogre is heavily wounded.
The hound bites you (1).
* * * LOW HITPOINT WARNING * * *
The ogre misses you. The hound bites you but does no damage.
You hit the ogre (4).
The ogre is heavily wounded.
The hound closely misses you.
The ogre hits you with a -1 giant club (13)!
* * * LOW HITPOINT WARNING * * *
The hound barely misses you.
You bludgeon the ogre (21)!!
You kill the ogre!
Your Shields skill increases to level 1!
You block the hound's attack. x2
You closely miss the hound.
The hound is almost dead.
You block the hound's attack. The hound closely misses you.
You hit the hound (3).
You kill the hound!
You now have 436 gold pieces (gained 10).
You swing at nothing.
You swing at nothing.
You are alive.
Your movement speed is average.
Your attack speed is below average (and is slowed by your insufficient shield skill).
Your base attributes are Str 17, Int 11, Dex 14.
You hear the faint creaking of a distant portcullis.
You now have 443 gold pieces (gained 7).
Found 62 javelins.
Jiyva alters your body.
You feel your magical essence link to your wands.
D - 62 javelins
Found 5 gold pieces and a potion of cancellation.
Found a stone staircase leading down.
You now have 448 gold pieces (gained 5).
Found 57 tomahawks.
o - 2 potions of cancellation (gained 1)
w - 158 tomahawks (gained 57)
A crimson imp comes into view.
The crimson imp shouts!
The crimson imp misses you. The crimson imp barely misses you.
You hit the crimson imp (1).
The crimson imp is lightly wounded.
The crimson imp misses you.
You are too injured to fight recklessly!
You are too injured to fight recklessly!
You are too injured to fight recklessly!
You are too injured to fight recklessly!
You are too injured to fight recklessly!
You are too injured to fight recklessly!
You hit the crimson imp (6).
The crimson imp is moderately wounded.
The crimson imp hits you (2).
* * * LOW HITPOINT WARNING * * *
You closely miss the crimson imp.
The crimson imp is moderately wounded.
The crimson imp hits you but does no damage. x2
You miss the crimson imp.
The crimson imp is lightly wounded.
You block the crimson imp's attack.
You completely miss the crimson imp.
The crimson imp is lightly wounded.
You block the crimson imp's attack.
You closely miss the crimson imp.
The crimson imp is lightly wounded.
You block the crimson imp's attack.
The crimson imp hits you but does no damage.
You are too injured to fight recklessly!
You are too injured to fight recklessly!
You are too injured to fight recklessly!
You are too injured to fight recklessly!
You hit the crimson imp (2).
The crimson imp is lightly wounded.
The crimson imp picks up a beetle and eats it.
The crimson imp hits you (1).
* * * LOW HITPOINT WARNING * * *
You hit the crimson imp (5).
The crimson imp is moderately wounded.
The crimson imp barely misses you.
You sock the crimson imp (7)!
The crimson imp is severely wounded.
The crimson imp hits you but does no damage.
The crimson imp barely misses you.
You hit the crimson imp (3).
The crimson imp is almost dead.
The crimson imp hits you but does no damage.
You are too injured to fight recklessly!
You are too injured to fight recklessly!
You are too injured to fight recklessly!
You closely miss the crimson imp.
The crimson imp is severely wounded.
You block the crimson imp's attack.
You should not fight recklessly!
You are too injured to fight recklessly!
You barely miss the crimson imp.
The crimson imp is severely wounded.
You block the crimson imp's attack. x2
You completely miss the crimson imp.
The crimson imp is heavily wounded.
The crimson imp barely misses you.
You barely miss the crimson imp.
The crimson imp is heavily wounded.
You hear the faint creaking of a very distant portcullis.
The crimson imp hits you but does no damage.
You sock the crimson imp (15)!
You kill the crimson imp!
You start resting.
You hear the faint creaking of a very distant portcullis.
An ice beast comes into view.
Found 3 gold pieces.
You are too injured to fight recklessly!
You are too injured to fight recklessly!
An ice beast is nearby!
You are too injured to fight recklessly!
An orc comes into view. It is wielding a +0 dagger.
You hit the orc (4).
The orc is heavily wounded.
You block the orc's attack.
You closely miss the orc.
The orc is heavily wounded.
The orc hits you but does no damage. You block the orc's attack.
You sock the orc (8)!
You kill the orc!
You barely miss the ice beast. The ice beast closely misses you.
You sock the ice beast (7)!
The ice beast is moderately wounded.
The ice beast closely misses you.
You sock the ice beast (11)!
The ice beast is severely wounded.
The ice beast hits you but does no damage.
You sock the ice beast (15)!
You kill the ice beast!
You see here a +0 dagger.
You hear the creaking of a distant portcullis.
An angry ghost comes into view.
An angry ghost is nearby!
Found a stone staircase leading down.
Found a basalt altar of Yredelemnul.
An orc comes into view. It is wielding a +0 dagger.
The orc shouts!
The angry ghost hits you (17)! The angry ghost infuriates you!
A red film seems to cover your vision as you go berserk!
You feel yourself moving faster!
You feel mighty!
A bullfrog skeleton comes into view.
You swap places.
Your sixfirhy hits the angry ghost (1).
Your sixfirhy shocks the angry ghost (10)!
The angry ghost misses your sixfirhy.
Unknown command.
You swap places.
You feel a strong urge to attack something.
An ogre comes into view. It is wielding a +0 giant club.
The ogre shouts!
An orc comes into view. It is wielding a +0 flail.
An orc warrior comes into view. It is wielding a +0 quarterstaff.
The angry ghost barely misses you.
Dowan, Brother of Duvessa comes into view.
He is wielding a +0 dagger.
Dowan shouts!
The orc warrior shouts!
The orc shouts!
You sock the angry ghost (15)!
The angry ghost is severely damaged.
You closely miss the angry ghost.
The angry ghost is severely damaged.
The angry ghost hits you but does no damage.
An orc priest comes into view. It is wielding a +4 dagger.
Duvessa, Sister of Dowan comes into view.
She is wielding a +0 long sword.
Duvessa shouts!
The orc priest shouts!
You bludgeon the angry ghost (23)!!
You destroy the angry ghost!
The orc throws a tomahawk.
You block the tomahawk.
The orc priest casts a cantrip, but nothing happens.
Duvessa says, "I don't care about looks, I care about technique!"
You swap places.
Your sixfirhy barely misses the orc.
You feel a strong urge to attack something.
The orc hits your sixfirhy with a +0 dagger (4).
Something misses your sixfirhy.
You are no longer berserk.
You pass out from exhaustion.
You feel yourself slow down. Something misses your sixfirhy.
Something hits your sixfirhy (1).
Your sixfirhy closely misses the orc.
The orc throws a tomahawk.
The tomahawk hits you (1).
The orc completely misses your sixfirhy.
The orc warrior closely misses your sixfirhy.
Something misses your sixfirhy.
Your sixfirhy hits the orc (2).
Your sixfirhy shocks the orc (12)!
The orc dies!
Your sixfirhy hits the orc warrior but does no damage.
Your sixfirhy barely misses the orc warrior.
Something closely misses your sixfirhy.
Something completely misses your sixfirhy.
Your sixfirhy closely misses the orc warrior.
The orc closely misses your sixfirhy.
Your sixfirhy hits the orc warrior (4).
Your sixfirhy shocks the orc warrior (11)!
Your sixfirhy hits the orc warrior but does no damage.
Your sixfirhy hits the orc warrior (9)!
Your sixfirhy shocks the orc warrior (9)!
The orc warrior dies!
Your Shields skill increases to level 2!
Something barely misses your sixfirhy. Something hits your sixfirhy (24)!!
Something barely misses your sixfirhy. Something closely misses your sixfirhy.
A crimson imp comes into view.
The orc priest hits your sixfirhy with a +4 dagger (9)!
Something misses your sixfirhy. x2; Something barely misses your sixfirhy.
You can move again.
Unknown command.
Unknown command.
Unknown command.
Unknown command.
Unknown command.
Something closely misses your sixfirhy. Something barely misses your sixfirhy.
Your sixfirhy hits the orc (8)!
The orc dies!
Something completely misses your sixfirhy.
Something misses your sixfirhy.
Your sixfirhy disappears in a puff of smoke!
Dowan casts a spell.
Dowan blinks!
Unknown command.
Unknown command.
Unknown command.
Unknown command.
Unknown command.
Evoke which item? (* to show all) (? for menu, Esc to quit)
Okay, then.
Evoke which item? (* to show all) (? for menu, Esc to quit)
Aiming: Lightning Bolt
Press: ? - help, Shift-Dir - straight line, f - bullfrog skeleton
Aim: a bullfrog skeleton You hear a mighty clap of thunder!
The bolt of lightning hits the orc priest (27).
You kill the orc priest!
The bolt of lightning hits the crimson imp (24).
You kill the crimson imp!
The bolt of lightning misses Duvessa.
The bolt of lightning hits the bullfrog skeleton (12).
The bullfrog skeleton is heavily damaged.
This wand has 4 charges left.
You hear an angry buzzing noise. x2
Evoke which item? (* to show all) (? for menu, Esc to quit)
Aiming: Lightning Bolt
Press: ? - help, Shift-Dir - straight line, f/p - bullfrog skeleton
Aim: a bullfrog skeleton (heavily damaged)
You hear a mighty clap of thunder!
The bolt of lightning misses Duvessa.
The bolt of lightning hits the bullfrog skeleton (10).
The bullfrog skeleton is severely damaged.
The bolt of lightning hits the ogre (5).
The ogre is lightly wounded.
This wand has 3 charges left.
You hear an angry buzzing noise.
You hit Duvessa (6).
Duvessa is lightly wounded.
Duvessa hits you but does no damage.
Duvessa hits you with a +0 long sword (1).
You thump Duvessa (13)!
Duvessa is heavily wounded.
Dowan mumbles some strange words.
Dowan blinks!
Duvessa closely misses you.
You hit Duvessa (4).
Duvessa is heavily wounded.
Duvessa barely misses you.
You hit Duvessa (5).
Duvessa is severely wounded.
Duvessa barely misses you. You block Duvessa's attack.
You hit Duvessa but do no damage.
Duvessa is severely wounded.
Duvessa barely misses you. You block Duvessa's attack.
You closely miss Duvessa.
Duvessa is severely wounded.
Duvessa hits you but does no damage.
You hit Duvessa (6).
Duvessa is almost dead.
Duvessa hits you with a +0 long sword (7)!
Evoke which item? (* to show all) (? for menu, Esc to quit)
Aiming: Lightning Bolt
Press: ? - help, Shift-Dir - straight line, f/p - bullfrog skeleton
Aim: a bullfrog skeleton (severely damaged)
You hear a mighty clap of thunder!
The bolt of lightning hits Duvessa (6).
Duvessa is almost dead.
The bolt of lightning hits the bullfrog skeleton (22).
You destroy the bullfrog skeleton!
The bolt of lightning hits the ogre (25).
You kill the ogre!
The bolt of lightning hits Dowan (3).
Dowan is lightly wounded.
This wand has 2 charges left.
You hear an angry buzzing noise. x3
Duvessa hits you with a +0 long sword (5).
* * * LOW HITPOINT WARNING * * *
Dowan mumbles some strange words.
Dowan blinks!
Unknown command.
You hit Duvessa but do no damage.
Duvessa is almost dead.
You feel yourself speed up. You block Duvessa's attack.
A killer bee comes into view.
Duvessa hits you with a +0 long sword (1).
* * * LOW HITPOINT WARNING * * *
You barely miss Duvessa.
Duvessa is almost dead.
The killer bee barely misses you. Duvessa barely misses you.
You barely miss Duvessa.
Duvessa is almost dead.
The killer bee stings you (4).
* * * LOW HITPOINT WARNING * * *
You block the killer bee's attack. You block Duvessa's attack.
You hit the killer bee (5).
The killer bee is moderately wounded.
The killer bee stings you but does no damage.
You block the killer bee's attack. x2; Duvessa hits you but does no damage.
You hit Duvessa but do no damage.
Duvessa is almost dead.
The killer bee stings you (6).
* * * LOW HITPOINT WARNING * * *
The killer bee closely misses you.
You hit Duvessa but do no damage.
Duvessa is almost dead.
Your soul eater disappears in a puff of smoke!
The killer bee closely misses you.
Duvessa says, "Where magic fails, the sword succeeds!"
You block Duvessa's attack. The killer bee barely misses you.
You fade into invisibility!
You block the killer bee's attack.
Duvessa says, "When magic and the sword combine, nothing stands against them."
Duvessa barely misses you. You block the killer bee's attack.
Dowan gestures at you while chanting.
The puff of flame hits Duvessa (10).
Duvessa dies!
Dowan screams in horror.
You are very lightly contaminated with residual magic.
The killer bee stings you (5).
* * * LOW HITPOINT WARNING * * *
You are poisoned.
The killer bee poisons you! Dowan closely misses you.
Things that are here:
a +0 long sword; a +1 robe of cold resistance You hit Dowan but do no damage.
Dowan is lightly wounded.
You feel very sick. The killer bee closely misses you.
You block the killer bee's attack. You block Dowan's attack.
You catch the helpless killer bee completely off-guard!
You hit the killer bee (5).
The killer bee is heavily wounded.
You feel less exhausted.
You feel sick. Dowan hits you with a +0 dagger (2).
* * * LOW HITPOINT WARNING * * *
You feel yourself slow down.
You feel invigorated.
You feel sick.
You block the killer bee's attack. x2; Dowan hits you but does no damage.
You strike the helpless Dowan from behind!
You hit Dowan (1).
Dowan is lightly wounded.
You hear the creaking of a distant portcullis.
You feel sick. The killer bee stings you (3).
* * * LOW HITPOINT WARNING * * *
The killer bee stings you (4).
* * * LOW HITPOINT WARNING * * *
The killer bee barely misses you. You block Dowan's attack.
The killer bee barely misses you. Dowan barely misses you.
You hit Dowan (6).
Dowan is heavily wounded.
You feel yourself speed up.
You feel less invigorated.
You feel sick.
You are no longer poisoned.
The killer bee closely misses you. The killer bee stings you (6).
* * * LOW HITPOINT WARNING * * *
Dowan gestures wildly while chanting.
Dowan seems to speed up.
You block the killer bee's attack.
You hit the killer bee (6).
The killer bee is almost dead.
The killer bee closely misses you. Dowan closely misses you.
The killer bee misses you. You block Dowan's attack.
You closely miss the killer bee.
The killer bee is almost dead.
The killer bee closely misses you. Dowan hits you with a +0 dagger (2).
* * * LOW HITPOINT WARNING * * *
You block the killer bee's attack.
You miss the killer bee.
The killer bee is almost dead.
You block the killer bee's attack. Dowan barely misses you.
You block the killer bee's attack.
Dowan points at you and mumbles some strange words.
You block the shard of ice.
You completely miss the killer bee.
The killer bee is almost dead.
You block the killer bee's attack. You block Dowan's attack.
The killer bee misses you.
You hit the killer bee (2).
The killer bee is almost dead.
You block the killer bee's attack.
Dowan screams.
Dowan gestures at you while chanting. The shard of ice misses you.
The shard of ice hits the killer bee (10).
The killer bee dies!
Training target 5.0 for Dodging reached!
Your Dodging skill increases to level 5!
Dowan points at you and mumbles some strange words.
The shard of ice hits you! You partially resist.
That hurt (14)!
You die... . .. .eo ####### Ze..

....... ..>..
.......######...._.
.........@e))).....
........#####.........
........### ....... ##
#######...# ...... #. ######.#
###.# #. ########......####
#.#####.
.................######.#.....
.............#.............###
...>.....)....................


You could see Dowan.

Vanquished Creatures
  A yak (D:5)
  An angry ghost (D:7)
  2 ice beasts
  4 ogres
  4 centaurs
  A gnoll sergeant (D:5)
  A water moccasin skeleton (D:6)
  6 crimson imps
  A howler monkey (D:4)
  A wight (D:6)
  A quasit (D:6)
  A jelly (D:6)
  4 hounds
  An orc priest (D:7)
  A bullfrog skeleton (D:7)
  4 orc wizards
  A centaur skeleton (D:5)
  4 worker ants
  2 iguanas
  2 killer bee zombies
  A hound skeleton (D:4)
  A howler monkey zombie (D:6)
  4 gnolls (D:5)
  A howler monkey skeleton (D:6)
  7 adders
  A shadow imp (D:5)
  3 oozes
  A dart slug (D:2)
  10 orcs
  2 quokkas
  3 bat zombies (D:5)
  4 giant cockroaches
  10 hobgoblins
  3 jackals
  8 kobolds
  13 bats
  3 frilled lizards
  8 goblins
  7 rats
  2 rat zombies (D:5)
135 creatures vanquished.

Vanquished Creatures (collateral kills)
  2 yaks (D:5)
  A wyvern (D:6)
  An orc warrior (D:7)
  2 orc wizards (D:4)
  Jessica (D:2)
  A worker ant (D:6)
  5 orcs
  A quokka skeleton (D:4)
14 creatures vanquished.

Vanquished Creatures (others)
  Duvessa (D:7)
  A killer bee (D:7)
  4 toadstools (D:1)
6 creatures vanquished.

Grand Total: 155 creatures vanquished

Notes
Turn   | Place    | Note
-------+----------+-------------------------------------------
     0 | D:1      | soadsod the Demonspawn Gladiator began the quest for the Orb.
     0 | D:1      | Reached XP level 1. HP: 16/16 MP: 2/2
    46 | D:1      | Reached skill level 2 in Throwing
    92 | D:1      | Gained mutation: A weak demonic guardian rushes to your aid. [demonic ancestry]
    92 | D:1      | Reached XP level 2. HP: 20/22 MP: 3/3
   391 | D:1      | Reached skill level 3 in Dodging
   533 | D:1      | Gained mutation: Your magical and physical power is slightly enhanced at high health. [demonic ancestry]
   533 | D:1      | Reached XP level 3. HP: 27/28 MP: 5/5
   905 | D:1      | Gained mutation: Your magical capacity is low. (-10% MP) [mutagenic hatch]
   952 | D:2      | Reached skill level 3 in Maces & Staves
   952 | D:2      | Reached skill level 1 in Armour
   964 | D:2      | Noticed Jessica
   972 | D:2      | Killed Jessica
   972 | D:2      | Reached XP level 4. HP: 26/34 MP: 5/5
   989 | D:2      | Found a shimmering altar of Xom.
  1159 | D:2      | Found a deep blue altar of Sif Muna.
  1159 | D:2      | Found a burning altar of Makhleb.
  1654 | D:3      | Found a faded altar of an unknown god.
  1663 | D:3      | Reached skill level 3 in Fighting
  1663 | D:3      | Gained mutation: You are partially covered in large bone plates. (SH +4) [demonic ancestry]
  1663 | D:3      | Reached XP level 5. HP: 36/41 MP: 7/7
  1858 | D:3      | Found an opulent altar of Gozag.
  1981 | D:3      | Reached skill level 3 in Throwing
  1981 | D:3      | Reached skill level 1 in Evocations
  1984 | D:3      | Reached skill level 2 in Armour
  2073 | D:3      | Found a sparkling altar of Nemelex Xobeh.
  2134 | D:3      | Noticed a dagger
  2134 | D:3      | Noticed a hand axe
  2136 | D:3      | Found a hide-covered altar of Uskayaw.
  2286 | D:4      | Found a glowing silver altar of Zin.
  2302 | D:4      | Gained mutation: A demonic guardian rushes to your aid. [demonic ancestry]
  2302 | D:4      | Reached XP level 6. HP: 38/47 MP: 8/8
  2333 | D:4      | Found a white marble altar of Elyvilon.
  2429 | D:4      | Found a glowing golden altar of the Shining One.
  2634 | D:4      | Found an ornate altar of the Wu Jian Council.
  2774 | D:4      | Found a snail-covered altar of Cheibriados.
  2845 | D:4      | HP: 23/47 [iguana (7)]
  2847 | D:4      | HP: 5/47 [iguana (10)]
  3160 | D:4      | Found a corrupted altar of Lugonu.
  3270 | D:4      | Gained mutation: You are dopey. (Int -5) [mutagenic hatch]
  3270 | D:5      | Entered Level 5 of the Dungeon
  3288 | D:5      | Reached skill level 4 in Maces & Staves
  3288 | D:5      | Reached skill level 2 in Evocations
  3495 | D:5      | Noticed a yak
  3496 | D:5      | Noticed a yak
  3497 | D:5      | Noticed a yak
  3512 | D:5      | Killed a yak
  3512 | D:5      | Reached XP level 7. HP: 43/53 MP: 8/8
  3517 | D:5      | HP: 16/53 [yak (12)]
  3524 | D:5      | Killed a yak
  3524 | D:5      | Reached skill level 4 in Fighting
  3524 | D:5      | Reached skill level 4 in Throwing
  3524 | D:5      | Reached skill level 3 in Armour
  3526 | D:5      | Killed a yak
  3526 | D:5      | Reached skill level 5 in Maces & Staves
  3836 | D:5      | Reached skill level 5 in Fighting
  3836 | D:5      | Reached XP level 8. HP: 59/62 MP: 9/9
  3958 | D:5      | Found an ancient bone altar of Kikubaaqudgha.
  4232 | D:5      | HP: 30/62 [gnoll sergeant/+1 spear of freezing (7)]
  4251 | D:5      | HP: 27/62 [gnoll sergeant/+1 spear of freezing (5)]
  4564 | D:5      | Gained mutation: Armour fits poorly on your strangely shaped body. [mutagenic hatch]
  4623 | D:6      | HP: 27/64 [wyvern (13)]
  4628 | D:6      | HP: 21/64 [wyvern (7)]
  4637 | D:6      | HP: 21/96 [wyvern (7)]
  4831 | D:6      | Reached skill level 6 in Fighting
  4831 | D:6      | Reached skill level 6 in Maces & Staves
  5071 | D:6      | Found a viscous altar of Jiyva.
  5076 | D:6      | Became a worshipper of Jiyva Juon the Shapeless
  5086 | D:6      | Found a shadowy altar of Dithmenos.
  5213 | D:6      | Found a radiant altar of Vehumet.
  5249 | D:6      | Found a bloodstained altar of Trog.
  5315 | D:6      | soadsod: afk for a while
  5315 | D:6      | soadsod: thanks for watching
  5315 | D:6      | archon2: hey
  5315 | D:6      | archon2: saw you were in my DEFE game, he went splat
  5315 | D:6      | Reached skill level 7 in Fighting
  5315 | D:6      | Gained mutation: You have sharp fingernails. [demonic ancestry]
  5315 | D:6      | Reached XP level 9. HP: 71/72 MP: 10/10
  5382 | D:6      | Reached skill level 4 in Dodging
  5670 | D:7      | Reached * piety under Jiyva
  5682 | D:7      | Reached skill level 7 in Maces & Staves
  5698 | D:7      | HP: 35/72 [ogre/-1 giant club (23)]
  5701 | D:7      | Reached skill level 1 in Shields
  5720 | D:7      | Gained mutation: You expend magic power (3 MP) to strengthen your wands. [Jiyva's grace]
  5753 | D:7      | HP: 31/72 [crimson imp (2)]
  5758 | D:7      | HP: 31/72 [crimson imp (1)]
  5871 | D:7      | Found a basalt altar of Yredelemnul.
  5874 | D:7      | Noticed Dowan
  5876 | D:7      | Noticed Duvessa
  5883 | D:7      | Reached skill level 2 in Shields
  5897 | D:7      | HP: 33/73 [Duvessa/+0 long sword (5)]
  5902 | D:7      | HP: 24/73 [killer bee (6)]
  5904 | D:7      | Killed Duvessa
  5907 | D:7      | HP: 12/74 [poisoned by a killer bee]
  5912 | D:7      | HP: 11/74 [Dowan/+0 dagger (2)]
  5915 | D:7      | Reached skill level 5 in Dodging
  5915 | D:7      | Killed from afar by Dowan

Skill      XL: |  1  2  3  4  5  6  7  8  9 |
---------------+----------------------------+-----
Throwing       | 2 3 4 |  4.2
Dodging        | 3 5 |  5.0
Maces & Staves | 3 4 5 6 7 |  7.5
Armour         | 1 2 3 |  3.1
Fighting       | 3 5 7 |  7.8
Evocations     | 1 2 |  2.0
Shields        | 2 |  2.5

Action                   |  1- 3 |  4- 6 |  7- 9 || total
-------------------------+-------+-------+-------++-------
Melee: Flail             |   109 |   146 |   245 ||   500
Throw: Poisoned dart     |       |     7 |    21 ||    28
Evoke: Wand              |       |       |    10 ||    10
  Use: Potion            |       |     1 |     3 ||     4
 Stab: Invisible         |       |       |     2 ||     2
Armor: Leather armour    |    20 |       |       ||    20
       Ring mail         |    30 |    64 |    84 ||   178
       Skin              |       |     4 |    12 ||    16
Dodge: Dodged            |    83 |   113 |   148 ||   344
Block: Other             |       |    21 |    37 ||    58
       Shield            |       |       |    50 ||    50
